[Event "Titled Tuesday Blitz March 22 Late 2022"]
[White "Andreikin, Dmitry"]
[Black "Aravindh, Chithambaram VR."]
[WhiteFideId "4158814"]
[BlackFideId "5072786"]
[WhiteElo "2736"]
[BlackElo "2561"]
[Result "1/2-1/2"]
[Round "08"]
[TimeControl "180+1"]
[Date "2022.03.22"]
[WhiteClock "0:00:04"]
[BlackClock "0:00:07"]

1. d4 g6 2. e4 Bg7 3. Nf3 d6 4. Bc4 Nf6 5. Qe2 Nc6 6. e5 dxe5 7. dxe5 Ng4 8. e6 fxe6 9. O-O O-O 10. Rd1 Qe8 11. Nc3 Nce5 12. Nxe5 Nxe5 13. Bb3 c5 14. Ne4 Qc6 15. c3 b5 16. Ng5 h6 17. Bc2 Rb8 18. Be4 Qc7 19. Nf3 Bb7 20. Bxb7 Rxb7 21. Nxe5 Qxe5 22. Qxe5 Bxe5 23. Bxh6 Rf5 24. Rd8+ Kh7 25. Be3 b4 26. g4 Rf7 27. Bxc5 bxc3 28. bxc3 Bxc3 29. Rc1 Ba5 30. Rc8 Bb6 31. Rb1 Rd7 32. Bxb6 axb6 33. Rc2 Rd6 34. Kg2 Kg7 35. Rcb2 Rf4 36. h3 Ra4 37. Re1 Kf7 38. Re3 g5 39. Rf3+ Kg6 40. Rfb3 Kf6 41. Kg3 Rc6 42. f3 Rd6 43. Rb4 Rxb4 44. Rxb4 Rd2 45. a4 Ra2 46. f4 Ra3+ 47. Kg2 gxf4 48. Rxf4+ Kg5 49. Rf3 Rxa4 50. Kg3 b5 51. h4+ Kg6 52. Re3 Kf6 53. h5 b4 54. Kh4 Ra1 55. Rf3+ Kg7 56. Kg5 Ra5+ 57. Kh4 Rb5 58. Rb3 e5 59. Kg5 e4+ 60. Kf4 Kh6 61. Kxe4 Kg5 62. Kf3 Rb8 63. Kg3 e6 64. Kf3 e5 65. Ke4 Rb5 66. Kd3 Rd5+ 67. Ke4 Rb5 68. Kd3 Kf4 69. h6 Kxg4 70. h7 e4+ 71. Ke3 Rh5 72. Rxb4 Rxh7 73. Rxe4+ Kf5 74. Rf4+ Kg6 75. Rg4+ Kh6 76. Rh4+ Kg6 77. Rxh7 Kxh7 1/2-1/2


[Site "https://www.chess.com"]

[Event "Titled Tuesday Blitz March 22 Late 2022"]
[White "Antonova, Nadezhda"]
[Black "Aydin, Gulenay"]
[WhiteFideId "14700182"]
[BlackFideId "34557431"]
[WhiteElo "1751"]
[BlackElo "1429"]
[Result "0-1"]
[Round "08"]
[TimeControl "180+1"]
[Date "2022.03.22"]
[WhiteClock "0:01:06"]
[BlackClock "0:01:26"]

1. Nf3 Nf6 2. b3 g6 3. Bb2 Bg7 4. g3 O-O 5. Bg2 d5 6. O-O c5 7. c4 Nc6 8. cxd5 Nxd5 9. Bxg7 Kxg7 10. d4 cxd4 11. Nxd4 Nxd4 12. Qxd4+ Nf6 13. Qe5 Qb6 14. Nc3 Bf5 15. Na4 Qb4 16. Rac1 Rac8 17. Nc5 b6 18. Nd7 Bxd7 19. Rcd1 Be6 20. h3 Qc3 21. Qf4 Rfd8 22. g4 h6 23. Qa4 Rxd1 24. Rxd1 Rc7 25. f4 Qc2 26. Qd4 Rd7 0-1


[Site "https://www.chess.com"]

[Event "Titled Tuesday Blitz March 22 Late 2022"]
[White "Ardila, Oscar Humberto"]
[Black "Petrova, Irina"]
[WhiteFideId "4404742"]
[BlackFideId "14124122"]
[WhiteElo "1966"]
[BlackElo "1993"]
[Result "1/2-1/2"]
[Round "08"]
[TimeControl "180+1"]
[Date "2022.03.22"]
[WhiteClock "0:00:16"]
[BlackClock "0:00:12"]

1. d4 d6 2. c4 e5 3. d5 f5 4. Nc3 Nf6 5. g3 g6 6. Bg2 Bg7 7. e3 O-O 8. Nge2 a5 9. O-O Na6 10. b3 Nc5 11. Bb2 Bd7 12. a3 Qe8 13. b4 axb4 14. axb4 Na4 15. Nxa4 Bxa4 16. Qc1 Bd7 17. Nc3 e4 18. Ne2 g5 19. Bc3 Rxa1 20. Qxa1 Qh5 21. Bxf6 Bxf6 22. Qa2 Be5 23. Nd4 f4 24. Bxe4 fxe3 25. fxe3 Rxf1+ 26. Kxf1 Bh3+ 27. Ke1 Bxd4 28. exd4 Qe8 29. Qe2 Qa4 30. Qd2 Qa1+ 31. Kf2 Qf1+ 32. Ke3 Qxc4 33. Bf3 Qb3+ 34. Kf2 Qb1 35. Qxg5+ Qg6 36. Qd8+ Kg7 37. Qxc7+ Kh6 38. Qc1+ Kg7 39. Qc7+ Kh6 40. Qc1+ Kg7 41. Qf4 Qc2+ 42. Be2 Qg6 43. b5 Qf6 44. b6 Qxf4+ 45. gxf4 Kf6 46. Bf3 Bc8 47. Ke3 Bd7 48. Be4 h6 49. h4 Bc8 50. Kd3 Bd7 51. Ke3 Bc8 52. Bf3 Bd7 53. Be4 1/2-1/2


[Site "https://www.chess.com"]

[Event "Titled Tuesday Blitz March 22 Late 2022"]
[White "Baches Garcia, Guillermo"]
[Black "Goryachkina, Aleksandra"]
[WhiteFideId "2209764"]
[BlackFideId "4147103"]
[WhiteElo "2488"]
[BlackElo "2426"]
[Result "1/2-1/2"]
[Round "08"]
[TimeControl "180+1"]
[Date "2022.03.22"]
[WhiteClock "0:00:21"]
[BlackClock "0:00:37"]

1. e4 e6 2. d4 d5 3. exd5 exd5 4. Nf3 Nc6 5. Bb5 Bd6 6. c4 dxc4 7. d5 a6 8. Ba4 b5 9. dxc6 bxa4 10. Qxa4 Ne7 11. O-O O-O 12. Nbd2 Rb8 13. a3 c3 14. bxc3 Be6 15. Nc4 Bd5 16. Nxd6 Qxd6 17. Bf4 Qg6 18. Bg3 Bxc6 19. Qxa6 Bxf3 20. Qxg6 fxg6 21. gxf3 Rxf3 22. Bxc7 Rc8 23. Bg3 Rfxc3 24. a4 Nf5 25. a5 Ra8 26. Ra4 Ra6 27. Rfa1 h5 28. R1a3 Rc5 29. Kg2 Kh7 30. Ra2 g5 31. h3 Kg6 32. R4a3 Rd5 33. Ra4 Rb5 34. R4a3 1/2-1/2


[Site "https://www.chess.com"]

[Event "Titled Tuesday Blitz March 22 Late 2022"]
[White "Bachmann, Axel"]
[Black "Sliwicki, Damian"]
[WhiteFideId "3700488"]
[BlackFideId "1127128"]
[WhiteElo "2587"]
[BlackElo "2067"]
[Result "0-1"]
[Round "08"]
[TimeControl "180+1"]
[Date "2022.03.22"]
[WhiteClock "0:00:03"]
[BlackClock "0:00:03"]

1. d4 Nf6 2. g3 c5 3. d5 g6 4. c4 Bg7 5. Nc3 O-O 6. Nf3 a6 7. Bg2 b5 8. cxb5 axb5 9. Nxb5 Qa5+ 10. Nc3 Ne4 11. O-O Nxc3 12. bxc3 Bxc3 13. Bh6 Re8 14. d6 exd6 15. Ng5 Nc6 16. Qb3 Re6 17. Nxe6 fxe6 18. Rad1 Rb8 19. Qc2 Rb2 20. Qe4 Ne5 21. Rxd6 Nf7 22. Qf4 Be5 23. Qh4 Bxd6 24. Qf6 Be5 25. Qe7 Nxh6 26. Qe8+ Kg7 27. Qxc8 Nf7 28. Qxd7 Qb5 29. Qxe6 Qxe2 30. Bd5 Ng5 31. Qe7+ Kh6 32. Qf8+ Bg7 33. Qf4 Be5 34. Qf8+ Bg7 0-1


[Site "https://www.chess.com"]

[Event "Titled Tuesday Blitz March 22 Late 2022"]
[White "Bibasa, Bob"]
[Black "Wieczorek, Oskar"]
[WhiteFideId "10000240"]
[BlackFideId "1133950"]
[WhiteElo "2056"]
[BlackElo "2319"]
[Result "0-1"]
[Round "08"]
[TimeControl "180+1"]
[Date "2022.03.22"]
[WhiteClock "0:00:11"]
[BlackClock "0:00:15"]

1. e4 c6 2. d4 Qa5+ 3. Bd2 Qd8 4. c4 d5 5. Nc3 dxe4 6. Nxe4 Bf5 7. Ng3 Bg6 8. Nf3 Nd7 9. h4 h6 10. h5 Bh7 11. Bc3 e6 12. Bd3 Bxd3 13. Qxd3 Ngf6 14. O-O Be7 15. Rae1 O-O 16. Qe3 Re8 17. Qf4 Nb6 18. Ne5 Bd6 19. b3 Qc7 20. Qf3 Nbd7 21. Ne4 Bxe5 22. dxe5 Nxe4 23. Rxe4 Nc5 24. Rg4 Qe7 25. Qg3 Qf8 26. Bb4 b6 27. f4 Rad8 28. f5 exf5 29. Rxf5 a5 30. Bc3 Rd3 31. Qe1 Ne6 32. Bd2 Red8 33. Rf2 Qc5 34. Kh2 R8d4 35. Rxd4 Qxd4 36. g3 a4 37. bxa4 Qxc4 38. Be3 Qd5 39. Rd2 Rxd2+ 40. Qxd2 Qxe5 41. Bxb6 Ng5 42. Qd8+ Kh7 43. Qd3+ f5 44. Bd4 Qe6 45. g4 Qxa2+ 46. Kh1 Qd5+ 47. Kh2 Nf3+ 48. Kg3 Nxd4 49. gxf5 Nxf5+ 50. Qxf5+ Qxf5 0-1


[Site "https://www.chess.com"]

[Event "Titled Tuesday Blitz March 22 Late 2022"]
[White "Bluebaum, Matthias"]
[Black "Deac, Bogdan-Daniel"]
[WhiteFideId "24651516"]
[BlackFideId "1226380"]
[WhiteElo "2550"]
[BlackElo "2646"]
[Result "1/2-1/2"]
[Round "08"]
[TimeControl "180+1"]
[Date "2022.03.22"]
[WhiteClock "0:00:09"]
[BlackClock "0:00:04"]

1. b3 d5 2. Bb2 c5 3. e3 a6 4. Nf3 Nc6 5. d4 Bg4 6. Be2 Bxf3 7. Bxf3 cxd4 8. exd4 Nf6 9. O-O g6 10. c4 Bg7 11. Nc3 dxc4 12. bxc4 Nxd4 13. Nd5 Nxf3+ 14. Qxf3 O-O 15. Nxf6+ exf6 16. Ba3 Re8 17. Qxb7 Qc8 18. Qxc8 Raxc8 19. Rfe1 Re6 20. Rxe6 fxe6 21. Rc1 Bf8 22. Bxf8 Kxf8 23. f4 Rc5 24. Kf2 Ke7 25. Ke3 Ra5 26. Rc2 Kd6 27. Kd4 Ra3 28. Rb2 e5+ 29. fxe5+ fxe5+ 30. Ke4 Ra4 31. Rd2+ Ke6 32. Rc2 h5 33. h4 Kd6 34. Rd2+ Ke6 35. Rc2 Rb4 36. Kd3 Kd6 37. Kc3 Kc5 38. Kd3 Rb1 39. Re2 Kd6 40. Rf2 Kc5 41. Rf6 Rb2 42. Rxg6 Rxa2 43. Rg5 Kb4 44. g3 Ra5 45. Ke4 Ra3 46. Kd5 Ra5+ 47. Ke4 Kxc4 48. Rxh5 Ra3 49. Rg5 a5 50. h5 Ra1 51. g4 a4 52. Kxe5 a3 53. Kf6 a2 54. Ra5 Rf1+ 55. Kg6 a1=Q 56. Rxa1 Rxa1 57. h6 Kd5 58. Kf6 Rf1+ 59. Kg7 Rg1 60. h7 Rxg4+ 61. Kf7 Rh4 62. Kg7 Rxh7+ 63. Kxh7 1/2-1/2


[Site "https://www.chess.com"]

[Event "Titled Tuesday Blitz March 22 Late 2022"]
[White "Boyer, Mahel"]
[Black "Pichot, Alan"]
[WhiteFideId "45102422"]
[BlackFideId "110973"]
[WhiteElo "2328"]
[BlackElo "2579"]
[Result "0-1"]
[Round "08"]
[TimeControl "180+1"]
[Date "2022.03.22"]
[WhiteClock "0:00:46"]
[BlackClock "0:01:52"]

1. e4 c5 2. d3 d5 3. exd5 Qxd5 4. Nc3 Qd8 5. Nf3 Nf6 6. Be3 e6 7. d4 Qa5 8. dxc5 Ne4 9. Bb5+ Bd7 10. Bxd7+ Nxd7 11. Bd4 Bxc5 12. O-O Bxd4 13. Qxd4 Nxc3 14. bxc3 Nf6 15. Rab1 O-O 16. Rxb7 Qxa2 17. Ne5 Qxc2 18. h3 a5 19. Ra1 a4 20. Qc4 Ne4 21. Ra2 Qc1+ 22. Kh2 Qf4+ 23. g3 Qxe5 24. Rxa4 Nd6 0-1


[Site "https://www.chess.com"]

[Event "Titled Tuesday Blitz March 22 Late 2022"]
[White "Broca Jimenez, Fernando"]
[Black "Vine, Elzbieta"]
[WhiteFideId "5104742"]
[BlackFideId "1119320"]
[WhiteElo "2062"]
[BlackElo "1829"]
[Result "1-0"]
[Round "08"]
[TimeControl "180+1"]
[Date "2022.03.22"]
[WhiteClock "0:00:22"]
[BlackClock "0:00:53"]

1. d4 d5 2. c4 c6 3. Nc3 Nf6 4. g3 Bf5 5. Bg2 Qd7 6. Bf4 h6 7. Qd2 Na6 8. Nf3 Bh3 9. Ne5 Qe6 10. cxd5 cxd5 11. Bf3 g5 12. Bxg5 hxg5 13. Qxg5 Bh6 14. Qh4 Bd2+ 15. Kxd2 Rxh4 16. gxh4 Bf5 17. Rhg1 O-O-O 18. Rac1 Kb8 19. Rg7 Ne4+ 20. Bxe4 dxe4 21. Ke1 Nb4 22. a3 Nd5 23. Rxf7 Nxc3 24. bxc3 e3 25. fxe3 Be4 26. Rf2 Qh3 27. Kd2 Qxh4 28. Rf4 Bd5 29. Rxh4 1-0


[Site "https://www.chess.com"]

[Event "Titled Tuesday Blitz March 22 Late 2022"]
[White "Cavanah, Troy"]
[Black "Rudykh, Stepan"]
[WhiteFideId "30949670"]
[BlackFideId "4180321"]
[WhiteElo "1878"]
[BlackElo "2151"]
[Result "0-1"]
[Round "08"]
[TimeControl "180+1"]
[Date "2022.03.22"]
[WhiteClock "0:01:55"]
[BlackClock "0:00:37"]

1. e4 e6 2. d4 d5 3. Nc3 Bb4 4. exd5 exd5 5. Bd3 c6 6. Nf3 Nf6 7. O-O O-O 8. a3 Bd6 9. Ne2 Bg4 10. Ng3 Qc7 11. Re1 Nbd7 12. c3 Rfe8 13. Rxe8+ Rxe8 14. h3 Be6 15. Nf5 Bf8 16. Bg5 Ne4 17. Bxe4 dxe4 18. N3h4 h6 19. Bd2 g5 20. Qg4 Nf6 21. Qg3 Qxg3 22. fxg3 gxh4 23. Nxh4 Kh7 24. Rf1 Nd5 25. c4 Nb6 26. b3 Bg7 27. Be3 Rd8 28. Nf5 Bxf5 29. Rxf5 Kg6 30. Rf4 Bxd4 31. Rg4+ Kf5 32. Rf4+ Ke5 33. Rxf7 Bxe3+ 34. Kh2 Rd1 35. g4 Bf4+ 36. g3 Rd2+ 37. Kg1 Bxg3 38. Re7+ Kd4 39. Rxb7 e3 40. Rf7 e2 41. Rd7+ Kc3 42. Rxd2 Kxd2 43. Kg2 e1=Q 44. Kf3 Qe3+ 45. Kg2 Qf2+ 46. Kh1 Nd7 0-1


[Site "https://www.chess.com"]

[Event "Titled Tuesday Blitz March 22 Late 2022"]
[White "Chigaev, Maksim"]
[Black "Gabrielian, Artur"]
[WhiteFideId "4108116"]
[BlackFideId "4131002"]
[WhiteElo "2502"]
[BlackElo "2440"]
[Result "0-1"]
[Round "08"]
[TimeControl "180+1"]
[Date "2022.03.22"]
[WhiteClock "0:00:03"]
[BlackClock "0:00:08"]

1. d4 Nf6 2. c4 g6 3. Nc3 Bg7 4. e4 O-O 5. Nf3 d6 6. Be2 e5 7. O-O exd4 8. Nxd4 Re8 9. f3 Nc6 10. Be3 Nh5 11. Nxc6 bxc6 12. Qd2 Qh4 13. f4 Nf6 14. Bf3 Ng4 15. Bxg4 Qxg4 16. Bd4 Bh6 17. Qf2 Be6 18. b3 f5 19. h3 Qh5 20. Rae1 Bd7 21. e5 g5 22. fxg5 Bxg5 23. Qg3 Qg6 24. exd6 cxd6 25. Be3 Bf6 26. Qxg6+ hxg6 27. Nd1 a5 28. Bf4 d5 29. cxd5 cxd5 30. Ne3 Bc6 31. Rd1 Rad8 32. h4 Re4 33. g3 d4 34. Nc4 d3 35. Bd2 Bd4+ 36. Rf2 Re2 37. Be1 Rde8 38. Kf1 Bxf2 39. Bxf2 Rxa2 40. Nd2 Bb5 41. Bd4 Re2 42. Bc3 a4 43. bxa4 Bxa4 0-1


[Site "https://www.chess.com"]

[Event "Titled Tuesday Blitz March 22 Late 2022"]
[White "Clawitter, Craig"]
[Black "Schuster, Karsten"]
[WhiteFideId "2023105"]
[BlackFideId "4611071"]
[WhiteElo "2226"]
[BlackElo "2367"]
[Result "1-0"]
[Round "08"]
[TimeControl "180+1"]
[Date "2022.03.22"]
[WhiteClock "0:00:20"]
[BlackClock "0:00:52"]

1. e4 c6 2. Nf3 d5 3. e5 Bg4 4. d4 e6 5. c3 Nd7 6. Be3 Ne7 7. Nbd2 Nf5 8. Bd3 Nxe3 9. fxe3 Be7 10. O-O O-O 11. Qe1 Bh5 12. Qg3 Bg6 13. Bxg6 hxg6 14. h4 c5 15. Rf2 cxd4 16. exd4 b5 17. Raf1 b4 18. Ng5 Bxg5 19. hxg5 bxc3 20. bxc3 Rc8 21. Rf3 Qa5 22. R1f2 Rc7 23. Nb3 Qb6 24. Qh4 Nxe5 25. dxe5 Rfc8 26. Rh3 Kf8 27. Qh8+ Ke7 28. Qxg7 Rf8 29. Qf6+ Ke8 30. Rh8 Rxh8 31. Qxh8+ Kd7 32. Nd4 f5 33. exf6 Rxc3 34. f7 Qxd4 35. Qxd4 Rc1+ 36. Kh2 1-0


[Site "https://www.chess.com"]

[Event "Titled Tuesday Blitz March 22 Late 2022"]
[White "Cramling Bellon, Anna"]
[Black "Borodavkin, Anatoly"]
[WhiteFideId "32009232"]
[BlackFideId "14150662"]
[WhiteElo "1905"]
[BlackElo "1845"]
[Result "1-0"]
[Round "08"]
[TimeControl "180+1"]
[Date "2022.03.22"]
[WhiteClock "0:00:08"]
[BlackClock "0:00:01"]

1. d4 d5 2. c4 Nc6 3. Nf3 Bg4 4. e3 e5 5. cxd5 Qxd5 6. Nc3 Bb4 7. Bd2 Bxc3 8. bxc3 e4 9. c4 Qh5 10. d5 exf3 11. Qa4 Ne7 12. dxc6 Nxc6 13. Qb5 Qxb5 14. cxb5 Ne5 15. Bc3 f6 16. Rg1 O-O-O 17. Bxe5 fxe5 18. gxf3 Bxf3 19. Bh3+ Kb8 20. Rxg7 Rd5 21. Rf7 e4 22. Rf5 Rd3 23. Bf1 Rd6 24. Be2 Bxe2 25. Kxe2 Rhd8 26. Re5 Rd2+ 27. Ke1 Rb2 28. Rxe4 Rxb5 29. Rd1 Rg8 30. Red4 b6 31. Rd7 Kb7 32. Rxh7 Rb2 33. Rd2 Rb1+ 34. Ke2 a5 35. h4 a4 36. Rc2 Rc8 37. h5 a3 38. h6 Rb2 39. Kd2 Rd8+ 40. Kc3 Rd6 41. Rxb2 axb2 42. Kxb2 Rd2+ 43. Kc3 Rxf2 44. Rg7 Rxa2 45. h7 Rh2 46. Kd4 b5 47. Kc5 Rh5+ 48. Kd4 Kb6 49. e4 b4 50. e5 b3 51. Kc3 Rh3+ 52. Kb2 Kb5 53. e6 Kb4 54. Rxc7 Rh2+ 55. Kb1 Ka3 56. e7 b2 57. Rc3+ Kb4 58. Rc2 Rh1+ 59. Kxb2 Rxh7 60. e8=Q 1-0


[Site "https://www.chess.com"]

[Event "Titled Tuesday Blitz March 22 Late 2022"]
[White "Daianu, Cristian-Clement"]
[Black "Tanenbaum, Zachary"]
[WhiteFideId "1208926"]
[BlackFideId "2060850"]
[WhiteElo "2159"]
[BlackElo "2168"]
[Result "1-0"]
[Round "08"]
[TimeControl "180+1"]
[Date "2022.03.22"]
[WhiteClock "0:01:44"]
[BlackClock "0:00:00"]

1. d4 d5 2. Bf4 Nf6 3. Nc3 a6 4. e3 Bf5 5. Bd3 Bg6 6. Nf3 e6 7. Qe2 Bb4 8. O-O Nbd7 9. h3 Bxc3 10. bxc3 Nb6 11. Ne5 O-O 12. Bh2 Rc8 13. f4 Be4 14. Bg3 c5 15. Bh4 Qc7 16. Bxf6 gxf6 17. Bxe4 fxe5 18. Bxh7+ Kxh7 19. Qh5+ Kg7 20. Rf3 Rg8 21. fxe5 Kf8 22. Raf1 Rg7 23. Qh8+ Rg8 24. Rxf7+ Qxf7 25. Rxf7+ Kxf7 26. Qf6+ Ke8 27. Qxe6+ Kf8 28. Qxb6 Rg7 29. Qf6+ Ke8 30. Qxg7 Kd8 31. e6 Rc7 32. Qf8# 1-0


[Site "https://www.chess.com"]

[Event "Titled Tuesday Blitz March 22 Late 2022"]
[White "Demchenko, Anton"]
[Black "Perera Alfonso, Rene Humberto"]
[WhiteFideId "4160258"]
[BlackFideId "3514722"]
[WhiteElo "2539"]
[BlackElo "2313"]
[Result "1-0"]
[Round "08"]
[TimeControl "180+1"]
[Date "2022.03.22"]
[WhiteClock "0:01:49"]
[BlackClock "0:01:38"]

1. e4 c5 2. Nf3 d6 3. d4 cxd4 4. Nxd4 Nf6 5. Nc3 g6 6. Be3 a6 7. f3 e5 8. Nb3 h5 9. Qd2 Be6 10. O-O-O Nbd7 11. Kb1 Rc8 12. Bg5 Qc7 13. g3 Be7 14. h3 b5 15. a3 Nb6 16. Bxf6 Bxf6 17. Bxb5+ axb5 18. Nxb5 Qb8 19. Nxd6+ Kf8 20. Nxc8 Nxc8 21. Nc5 Qb6 22. Qb4 Qxb4 23. axb4 Ke7 24. h4 Nd6 25. Rh2 Rb8 26. c3 Bc8 27. b3 Nb7 28. Na6 Ra8 29. Nc7 Ra7 30. Nd5+ Ke6 31. Nb6 1-0


[Site "https://www.chess.com"]

[Event "Titled Tuesday Blitz March 22 Late 2022"]
[White "Dilanyan, Grigor"]
[Black "Golubka, Petro"]
[WhiteFideId "13303570"]
[BlackFideId "14114224"]
[WhiteElo "2279"]
[BlackElo "2346"]
[Result "0-1"]
[Round "08"]
[TimeControl "180+1"]
[Date "2022.03.22"]
[WhiteClock "0:02:18"]
[BlackClock "0:02:14"]

1. e4 g6 2. d4 Bg7 3. Nc3 c6 4. Be3 b5 5. a4 b4 6. Nce2 d5 7. Ng3 dxe4 8. Nxe4 Nf6 9. Nxf6+ Bxf6 10. Nf3 O-O 11. Be2 Bg4 12. O-O Nd7 13. h3 Be6 14. a5 Re8 15. Qd2 Rb8 16. Rfd1 b3 17. c4 Bg7 18. d5 cxd5 19. cxd5 Bf5 20. g4 Bc2 21. Re1 Bxb2 22. Bxa7 Bxa1 23. Rxa1 b2 24. Bd4 b1=Q+ 25. Rxb1 Rxb1+ 26. Kg2 Be4 27. Qh6 Nf6 28. g5 Nh5 0-1


[Site "https://www.chess.com"]

[Event "Titled Tuesday Blitz March 22 Late 2022"]
[White "Dobrov, Vladimir"]
[Black "Kamsky, Gata"]
[WhiteFideId "4136594"]
[BlackFideId "2000024"]
[WhiteElo "2614"]
[BlackElo "2645"]
[Result "1-0"]
[Round "08"]
[TimeControl "180+1"]
[Date "2022.03.22"]
[WhiteClock "0:00:46"]
[BlackClock "0:00:08"]

1. e4 c5 2. a3 e6 3. b4 cxb4 4. axb4 Bxb4 5. Bb2 Nf6 6. e5 Nd5 7. c4 Ne7 8. Na3 O-O 9. Nc2 Ba5 10. Qh5 Nbc6 11. Nf3 Ng6 12. Bd3 h6 13. Be4 Rb8 14. Ne3 b5 15. Ng4 bxc4 16. Ba3 Rb5 17. O-O Nce7 18. Nxh6+ gxh6 19. Qxh6 f5 20. Ng5 Rf7 21. Nxf7 Kxf7 22. Qh7+ Ke8 23. Bf3 Rxe5 24. Bh5 d6 25. Bb2 Rd5 26. Bf6 Kd7 27. Bxg6 Qf8 28. Bf7 Bb6 29. Rfe1 Rxd2 30. Rxe6 Nd5 31. Bh4 Kc6 32. Re8 1-0


[Site "https://www.chess.com"]

[Event "Titled Tuesday Blitz March 22 Late 2022"]
[White "Dolzhykova, Kateryna"]
[Black "Barp, Alberto"]
[WhiteFideId "14113414"]
[BlackFideId "872555"]
[WhiteElo "2184"]
[BlackElo "2229"]
[Result "0-1"]
[Round "08"]
[TimeControl "180+1"]
[Date "2022.03.22"]
[WhiteClock "0:00:02"]
[BlackClock "0:00:12"]

1. e4 c6 2. Ne2 d5 3. e5 c5 4. d4 Nc6 5. dxc5 e6 6. Nd4 Bxc5 7. Nxc6 bxc6 8. Bd3 Qh4 9. O-O Ne7 10. Nd2 Ng6 11. Nf3 Qh5 12. c3 Nxe5 13. Nxe5 Qxe5 14. b4 Bd6 15. f4 Qf6 16. Bd2 O-O 17. Rc1 c5 18. Kh1 Bb7 19. Qh5 g6 20. Qh3 Rfd8 21. Be3 d4 22. cxd4 cxb4 23. Bf2 Rdc8 24. Rcd1 Qg7 25. Qe3 Bd5 26. Be4 Rc3 27. Qe2 Qf6 28. Bxd5 exd5 29. Be1 Rc4 30. Qe3 Qf5 31. Bg3 a5 32. Rf2 a4 33. h3 Rb8 34. Qd3 Qxd3 35. Rxd3 h5 36. Kh2 Be7 37. h4 Bf6 38. Rfd2 b3 39. axb3 Rxb3 40. Rxb3 axb3 41. Rb2 Rc3 42. Bf2 Rd3 43. g3 Kf8 44. Kg2 Ke8 45. Kf1 Rf3 46. Ke2 Rxf2+ 47. Kxf2 Bxd4+ 0-1


[Site "https://www.chess.com"]

[Event "Titled Tuesday Blitz March 22 Late 2022"]
[White "Donchenko, Anatoly"]
[Black "Kohler, Aran"]
[WhiteFideId "4106091"]
[BlackFideId "1002856"]
[WhiteElo "2339"]
[BlackElo "2294"]
[Result "1-0"]
[Round "08"]
[TimeControl "180+1"]
[Date "2022.03.22"]
[WhiteClock "0:00:49"]
[BlackClock "0:00:09"]

1. Nf3 Nf6 2. d4 d5 3. c4 c6 4. Qc2 g6 5. cxd5 cxd5 6. Nc3 Nc6 7. Bf4 Bf5 8. Qb3 Qb6 9. e3 Qxb3 10. axb3 Bg7 11. Be2 O-O 12. Kd2 Nh5 13. Bg5 Rfd8 14. Rhc1 f6 15. Bh4 Bf8 16. Ne1 Ng7 17. Bg3 Rac8 18. h3 e5 19. Nf3 exd4 20. exd4 Ne6 21. Ra4 Bh6+ 22. Kd1 Bxc1 23. Kxc1 a6 24. Kd2 b5 25. Rxa6 Nexd4 26. Nxd4 Nxd4 27. Bd1 Kg7 28. Ra7+ Rd7 29. Ra6 b4 30. Na4 Bc2 31. Bg4 f5 32. Be5+ Kh6 33. Bxd4 fxg4 34. hxg4 Bxb3 35. Nc5 Re7 36. Nxb3 Rce8 37. Be3+ Kg7 38. g5 Kg8 39. Nd4 Rf7 40. Rb6 Rc7 41. Rxb4 Rc4 42. Rxc4 dxc4 43. Kc3 Rb8 44. Bc1 Kf7 45. f4 Ke7 46. g4 Kd6 47. f5 Kd5 48. f6 Rb7 49. Bf4 Ke4 50. Bd6 Kd5 51. Be7 1-0


[Site "https://www.chess.com"]

[Event "Titled Tuesday Blitz March 22 Late 2022"]
[White "Elissalt Cardenas, Hector"]
[Black "Sapunov, Evgeny"]
[WhiteFideId "3500632"]
[BlackFideId "4126661"]
[WhiteElo "2159"]
[BlackElo "2470"]
[Result "1/2-1/2"]
[Round "08"]
[TimeControl "180+1"]
[Date "2022.03.22"]
[WhiteClock "0:00:18"]
[BlackClock "0:00:25"]

1. d4 Nf6 2. Nf3 g6 3. c4 Bg7 4. Nc3 O-O 5. Bg5 d6 6. Qd2 c5 7. d5 a6 8. e4 b5 9. cxb5 Qa5 10. b6 Nbd7 11. Bd3 Rb8 12. O-O Rxb6 13. Rab1 Ng4 14. Bxe7 Re8 15. Bh4 Nge5 16. Bg3 Nxf3+ 17. gxf3 Ne5 18. Be2 Qb4 19. f4 Nc4 20. Bxc4 Qxc4 21. e5 Bf5 22. Rbc1 Rd8 23. Rfe1 Qd4 24. Qe2 h5 25. h4 Re8 26. b3 Qb4 27. Qe3 Bh6 28. Qf3 dxe5 29. d6 e4 30. Nd5 exf3 31. Rxe8+ Kg7 32. Nxb4 Rxb4 33. Rd1 Rd4 34. Rxd4 cxd4 35. Re5 d3 36. Rd5 Bd7 37. Rxd3 Kf6 38. Rxf3 Ke6 39. f5+ gxf5 40. Re3+ Bxe3 41. fxe3 Kd5 42. Kf2 Ke4 43. Ke2 Bb5+ 44. Kd2 Kf3 45. Bf4 Kg4 46. Bg5 f4 47. exf4 Kf5 48. Kc3 f6 49. Bh6 Kg4 50. Bg7 Kxh4 51. Bxf6+ Kg4 52. a4 Be8 53. Kb4 Kxf4 54. Kc5 Kf5 55. Be7 Ke6 56. Kb6 h4 57. Bxh4 Kxd6 58. Kxa6 Bf7 59. b4 Bb3 60. a5 Bc4+ 61. Kb6 Kd7 62. Bg3 Bd5 63. a6 Be4 64. b5 Bf3 65. Kc5 Be2 66. Kb6 Bf1 67. a7 Bg2 68. Ka6 Kc8 69. b6 Bb7+ 70. Kb5 Ba8 71. Kc5 Bb7 72. Bc7 Ba8 73. Bd6 Bb7 74. Bc7 Ba8 75. Bd6 Bb7 76. Bc7 1/2-1/2


[Site "https://www.chess.com"]

[Event "Titled Tuesday Blitz March 22 Late 2022"]
[White "Erdogdu, Mert"]
[Black "Zanette, Edgard Vinicius"]
[WhiteFideId "6301495"]
[BlackFideId "2109263"]
[WhiteElo "2485"]
[BlackElo "2182"]
[Result "1-0"]
[Round "08"]
[TimeControl "180+1"]
[Date "2022.03.22"]
[WhiteClock "0:00:18"]
[BlackClock "0:00:02"]

1. e4 e5 2. Nf3 Nc6 3. Bc4 Bc5 4. d3 Nf6 5. O-O d6 6. c3 a6 7. a4 Ba7 8. Na3 h6 9. Nc2 g5 10. Be3 Bg4 11. Bxa7 Rxa7 12. Ne3 Bh5 13. Nf5 Kf8 14. Ng3 Bg6 15. Re1 Qe7 16. d4 Kg7 17. dxe5 Nxe5 18. Nd4 Kh7 19. Bb3 Nfd7 20. a5 Raa8 21. Qd2 Qf6 22. Rad1 Rhe8 23. Ndf5 Nc5 24. Bc2 Ne6 25. h4 Bxf5 26. exf5 Nf4 27. Ne4 Qd8 28. hxg5 hxg5 29. f6 Neg6 30. g3 Rxe4 31. Bxe4 Qd7 32. gxf4 Qg4+ 33. Kf1 Qh3+ 34. Bg2 Qh4 35. Qd3 Kg8 36. Qh3 Qxf4 37. Qf3 Qc4+ 38. Kg1 Nh4 39. Qh5 Qf4 40. Bd5 Qxf6 41. Re3 Ng6 42. Rg3 1-0


[Site "https://www.chess.com"]

[Event "Titled Tuesday Blitz March 22 Late 2022"]
[White "Fajdetic, Hrvoje"]
[Black "Szpar, Milosz"]
[WhiteFideId "14501945"]
[BlackFideId "1184989"]
[WhiteElo "2172"]
[BlackElo "2447"]
[Result "0-1"]
[Round "08"]
[TimeControl "180+1"]
[Date "2022.03.22"]
[WhiteClock "0:00:10"]
[BlackClock "0:02:01"]

1. d4 Nf6 2. Bf4 c5 3. e3 Nd5 4. Bg3 Qb6 5. Nc3 Nxc3 6. bxc3 e6 7. Nf3 Qa5 8. Qd2 Be7 9. Bd3 O-O 10. h4 Nc6 11. Ng5 h6 12. Ne4 d5 13. Nxc5 Bxc5 14. dxc5 Qxc5 15. Rb1 a6 16. O-O b5 17. e4 Bb7 18. exd5 Qxd5 19. c4 bxc4 20. Rxb7 cxd3 21. Qxd3 Qxa2 22. Qd7 Rac8 23. Bd6 Nb8 24. Qe7 Qxc2 25. Rfb1 Qf5 26. Rxb8 Rxb8 27. Rxb8 Rxb8 28. Bxb8 Qb1+ 29. Kh2 Qxb8+ 30. g3 Qa8 31. Qb4 a5 32. Qa4 Qf3 33. Kg1 Qd5 34. Kh2 Qc5 35. Kg2 g6 36. Qe8+ Kg7 37. h5 Qxh5 38. Qd8 Qd5+ 39. Qxd5 exd5 0-1


[Site "https://www.chess.com"]